 Dungeon Sprint DCSS version 0.22.1-2-g9c5b331 (webtiles) character file.

70682 diana the Acrobat (level 14, -8/138 HPs)
             Began as a Merfolk Gladiator on Dec 24, 2018.
             Was a High Priest of Trog.
             Mangled by a vampire knight
             ... wielding a +0 long sword of electrocution
              (17 damage)
             ... while paralysed by a vampire knight
             ... in the Dungeon (Sprint III: "The Ten Rune Challenge").
             The game lasted 00:34:38 (6924 turns).

diana the Acrobat (Merfolk Gladiator)               Turns: 6924, Time: 00:34:39

Health: -8/138     AC: 21    Str: 20    XL:     14   Next: 87%
Magic:  14/14      EV:  2    Int:  7    God:    Trog [*****.]
Gold:   74         SH:  0    Dex: 17    Spells: 13/13 levels left

rFire    + + .     SeeInvis .   H - +8 glaive "Hylowi Biyv" {chop, rF+}
rCold    + . .     Gourm    .   (shield currently unavailable)
rNeg     . . .     Faith    .   E - +3 ring mail {rPois}
rPois    +         Spirit   .   t - +1 helmet
rElec    .         Reflect  .   L - scarf {rC+ rF+}
rCorr    .         Harm     .   (no gloves)
MR       +....     NoTele   +   M - +2 pair of boots {run}
Stlth    +.........             (no amulet)
HPRegen  0.73/turn              o - +4 ring of protection
MPRegen  0.14/turn              A - ring of flight

@: paralysed, berserk cooldown, slowed, quick
A: change form in water, swift swim, stealthy swim, regeneration 1, strong 1
}: 1/10 runes: barnacled
a: Berserk, Trog's Hand, Brothers in Arms, Renounce Religion, Evoke Flight


You were in the Dungeon.
You worshipped Trog.
Trog was extremely pleased with you.
You were not hungry.

You visited 1 branch You collected 2766 gold pieces.
You spent 2692 gold pieces at shops.

Inventory:

Hand Weapons
 y - a +0 blowgun
 H - the +8 glaive "Hylowi Biyv" (weapon) {chop, rF+}
   (You bought it in a shop in the Dungeon)

   It inflicts extra damage upon your enemies.
   It protects you from fire.
 J - a +4 bardiche of venom
Missiles
 a - 18 needles of sleeping
 b - 7 needles of paralysis
 c - 3 javelins of returning (quivered)
 d - 4 throwing nets
 g - 8 poisoned javelins
 u - 32 needles of confusion
 v - 10 exploding tomahawks
 B - 6 tomahawks of dispersal
 C - 16 steel javelins
 F - 4 needles of frenzy
 K - 10 curare-tipped needles
Armour
 t - a +1 helmet (worn)
 E - a +3 ring mail of poison resistance (worn)
 L - a scarf of resistance (worn)
 M - a +2 pair of boots of running (worn)
Jewellery
 o - a +4 ring of protection (left hand)
 A - a ring of flight (right hand)
Wands
 I - a wand of flame (49)
Scrolls
 k - a scroll of blinking
 n - 2 scrolls of torment
 p - 4 scrolls of remove curse
 w - 2 scrolls of enchant armour
 N - 4 scrolls of identify
 O - a scroll of enchant weapon
Potions
 e - 7 potions of curing
 h - 2 potions of haste
 i - 3 potions of magic
 l - 2 potions of mutation
 q - a potion of degeneration
 r - 2 potions of flight
 s - 2 potions of lignification
 x - a potion of agility
 z - 3 potions of heal wounds
 G - a potion of might
Miscellaneous
 j - a fan of gales
Comestibles
 f - 2 rations


   Skills:
 + Level 21.4 Fighting
 - Level 20.0 Polearms
 - Level 16.1 Throwing
 + Level 14.4 Armour
 + Level 24.7 Dodging


You had 13 spell levels left.
You didn't know any spells.
Your spell library contained the following spells:

 Spells                   Type           Power        Failure   Level  Hunger
 Animate Skeleton         Necr           N/A          54%         1    ##.....
 Apportation              Tloc           #.....       54%         1    ##.....
 Confusing Touch          Hex            #.....       54%         1    ##.....
 Magic Dart               Conj           #...         54%         1    ##.....
 Summon Small Mammal      Summ           #...         54%         1    ##.....
 Blink                    Tloc           N/A          69%         2    ###....
 Call Imp                 Summ           #.......     69%         2    ###....
 Slow                     Hex            #.......     69%         2    ###....
 Conjure Flame            Conj/Fire      #.......     89%         3    ####...
 Mephitic Cloud           Conj/Pois/Air  #.......     89%         3    ####...


Dungeon Overview and Level Annotations

Branches:
Dungeon (1/1)

Altars:
Cheibriados
Dithmenos
Elyvilon
Fedhas
Gozag
Hepliaklqana
Kikubaaqudgha
Makhleb
Nemelex Xobeh
Okawaru
Qazlal
Ru
Sif Muna
Trog
Uskayaw
Vehumet
Wu Jian
Xom
Yredelemnul
Zin
The Shining One
Beogh
Jiyva
Lugonu

Shops:
D }(?!(%=?:([!=%%*}!(

Annotations:
D Mara


Innate Abilities, Weirdness & Mutations

You revert to your normal form in water.
You are very nimble and swift while swimming.
You are very stealthy in the water. (Stealth+)
Your natural rate of healing is unusually fast.
Your muscles are strong. (Str +2)


Message History

Something hits you.
You are electrocuted!
* * * LOW HITPOINT WARNING * * *
Something completely misses you.
Mara hits you with a demon blade of flaming!
* * * LOW HITPOINT WARNING * * *
Mara hits you with a demon blade of flaming!
* * * LOW HITPOINT WARNING * * *
Mara burns you.
* * * LOW HITPOINT WARNING * * *
Your deep troll misses Mara.
Your deep troll claws Mara!!
Your deep troll claws Mara but does no damage.
Something hits you but does no damage. Something bites you but does no damage.
Mara blinks!
Mara hits your deep troll with a demon blade of flaming!
Mara burns your deep troll.
Mara hits you with a demon blade of flaming.
* * * LOW HITPOINT WARNING * * *
Your deep troll bites Mara!
Your deep troll claws Mara!!
Your deep troll closely misses Mara.
Something hits you!
You die...

≈..≈♣
#########§#......##########
≈≈..♣
#.#.#.#§#........#[#.#)#)#)
♣∩∩∩♣
#......§§........#)#)#'#'#' ♣♣♣
#......§§........#.....^^.^
###(##############.^....^..
##...## ≈≈§≈§≈###)#)#'#'#'
##.....## #§≈≈P§#.#.#.#.#.#[
#+###.......###RT§P≈#.▓'▓▓▓▓▓▓▓▓
+...'.......§V{@R§....▓^.#
#+###.......#####.P≈#.▓..#
##.....## P§#.▓.^# ##...##
+##▓..# ##+## ▓..# ▓^^# ▓..#
▓..# ▓..#


You could see 2 Maras, a vampire knight and a friendly deep troll (berserk).

Vanquished Creatures
  2 bone dragons (D)
  Rupert (D)
  Gastronok (D)
  Chuck (D)
  2 sphinxes (D)
  An azure jelly (D)
  Ilsuiw (D)
  3 vampire knights (D)
  2 dire elephants (D)
  Josephine (D)
  A merfolk javelineer (D)
  A fire dragon (D)
  A yaktaur captain (D)
  3 centaur warriors (D)
  Urug (D)
  A dancing weapon (D)
  3 orc high priests (D)
  A spriggan druid (D)
  An unseen horror (D)
  3 death drakes (D)
  A sea snake (D)
  An orange crystal statue (D)
  A lindwurm (D)
  A deep elf mage (D)
  An orc sorcerer (D)
  A crystal guardian (D)
  An ugly thing (D)
  An elephant (D)
  A molten gargoyle (D)
  4 statues (D)
  2 spiny frogs (D)
  A komodo dragon (D)
  A komodo dragon (shapeshifter) (D)
  A rime drake (D)
  3 guardian mummies (D)
  3 wandering mushrooms (D)
  4 spriggan defenders (D)
  2 tyrant leeches (D)
  5 blink frogs (D)
  3 slime creatures (D)
  A shadow (D)
  2 spriggans (D)
  3 redbacks (D)
  A spatial vortex (D)
  An orc warrior (D)
  2 floating eyes (D)
  A swamp drake (D)
  A necrophage (D)
  2 centaurs (D)
  A swamp dragon skeleton (D)
  An earth elemental (D)
  A water elemental (D)
  A jelly (D)
  4 orc priests (D)
  A wizard (D)
  Crazy Yiuf (D)
  Jessica (D)
  5 necromancers (D)
  5 orc wizards (D)
  3 humans (D)
  A kobold demonologist (D)
  An adder simulacrum (D)
  6 orcs (D)
  A bat zombie (D)
  A bat simulacrum (D)
  A giant cockroach simulacrum (D)
  A giant cockroach zombie (D)
  A quokka zombie (D)
  3 rats (D)
  A bush (D)
  5 plants (D)
129 creatures vanquished.

Vanquished Creatures (collateral kills)
  Frederick (D)
  Polyphemus (D)
  Harold (D)
  4 azure jellies (D)
  2 hydras (D)
  4 death yaks (D)
  3 dancing weapons (D)
  Joseph (D)
  3 ugly things (D)
  3 crystal guardians (D)
  A shining eye (D)
  An elephant (D)
  2 black mambas (D)
  3 dream sheep (D)
  3 blink frogs (D)
  2 orc priests (D)
35 creatures vanquished.

Vanquished Creatures (others)
  2 draconian scorchers (D)
  6 hellions (D)
  3 yaktaurs (D)
  An electric eel (D)
  4 plants (D)
16 creatures vanquished.

Grand Total: 180 creatures vanquished

Notes
Turn   | Place    | Note
-------+----------+-------------------------------------------
     0 | D        | diana the Merfolk Gladiator began the quest for the Orb.
     0 | D        | Reached XP level 1. HP: 16/16 MP: 1/1
     7 | D        | Reached skill level 5 in Polearms
    11 | D        | Noticed Jessica
    12 | D        | Killed a yaktaur
    34 | D        | Killed Jessica
    34 | D        | Reached skill level 5 in Dodging
    34 | D        | Reached XP level 2. HP: 12/25 MP: 2/2
    34 | D        | Reached XP level 3. HP: 15/30 MP: 3/3
    96 | D        | Killed a hellion
   132 | D        | Killed a hellion
   138 | D        | Killed a white draconian scorcher
   145 | D        | Killed a white draconian scorcher
   186 | D        | Noticed Crazy Yiuf
   222 | D        | Killed a hellion
   223 | D        | Killed a hellion
   228 | D        | Reached skill level 6 in Dodging
   237 | D        | Killed Crazy Yiuf
   237 | D        | Reached XP level 4. HP: 19/38 MP: 4/4
   251 | D        | Killed a hellion
   265 | D        | Gained mutation: You expend magic power (3 MP) to
                  | strengthen your wands. [potion of mutation]
   265 | D        | Gained mutation: Your spells are a little harder to cast,
                  | but a little more powerful. [potion of mutation]
   266 | D        | Lost mutation: Your spells are a little harder to cast, but
                  | a little more powerful. [potion of mutation]
   266 | D        | Lost mutation: You expend magic power (3 MP) to strengthen
                  | your wands. [potion of mutation]
   266 | D        | Gained mutation: You possess an exceptional clarity of
                  | mind. [potion of mutation]
   266 | D        | Gained mutation: You are somewhat resistant to further
                  | mutation. [potion of mutation]
   267 | D        | Lost mutation: You possess an exceptional clarity of mind.
                  | [potion of mutation]
   267 | D        | Lost mutation: You are somewhat resistant to further
                  | mutation. [potion of mutation]
   267 | D        | Gained mutation: Your spells are a little easier to cast,
                  | but a little less powerful. [potion of mutation]
   267 | D        | Gained mutation: Your mind is acute. (Int +2) [potion of
                  | mutation]
   341 | D        | Killed a hellion
   392 | D        | Noticed a water elemental
   406 | D        | Killed a water elemental
   406 | D        | Reached skill level 5 in Fighting
   406 | D        | Reached skill level 10 in Polearms
   406 | D        | Reached skill level 7 in Dodging
   406 | D        | Reached XP level 5. HP: 21/46 MP: 5/5
   574 | D        | Found a radiant altar of Vehumet.
   574 | D        | Found a deep blue altar of Sif Muna.
   574 | D        | Found an ancient bone altar of Kikubaaqudgha.
   579 | D        | Reached skill level 8 in Dodging
   595 | D        | Found a glowing silver altar of Zin.
   595 | D        | Found a glowing golden altar of the Shining One.
   595 | D        | Found a white marble altar of Elyvilon.
   596 | D        | Noticed a deep elf mage
   605 | D        | Killed a deep elf mage
   605 | D        | Reached skill level 15 in Polearms
   605 | D        | Reached skill level 10 in Dodging
   605 | D        | Reached XP level 6. HP: 34/57 MP: 6/6
   605 | D        | Reached XP level 7. HP: 38/63 MP: 7/7
   666 | D        | Found a hide-covered altar of Uskayaw.
   666 | D        | Found a roughly hewn altar of Beogh.
   666 | D        | Found an iron altar of Okawaru.
   666 | D        | Found a bloodstained altar of Trog.
   666 | D        | Found an ornate altar of the Wu Jian Council.
   666 | D        | Noticed a human
   666 | D        | Noticed a human
   698 | D        | Killed a human
   698 | D        | Reached skill level 11 in Dodging
   721 | D        | Killed a human
   721 | D        | Reached XP level 8. HP: 53/71 MP: 8/8
   826 | D        | Became a worshipper of Trog the Wrathful
   832 | D        | Found a basalt altar of Yredelemnul.
   832 | D        | Found a shadowy altar of Dithmenos.
   832 | D        | Found a sacrificial altar of Ru.
   841 | D        | Reached * piety under Trog
   863 | D        | Noticed a shadow
   872 | D        | Killed a shadow
   872 | D        | Reached skill level 10 in Fighting
   872 | D        | Reached skill level 12 in Dodging
   883 | D        | Found a blossoming altar of Fedhas.
   883 | D        | Found a stormy altar of Qazlal.
   883 | D        | Found a snail-covered altar of Cheibriados.
   883 | D        | Found a burning altar of Makhleb.
   883 | D        | Found a shimmering altar of Xom.
   884 | D        | Found a hazy altar of Hepliaklqana.
   884 | D        | Found an opulent altar of Gozag.
   884 | D        | Found a sparkling altar of Nemelex Xobeh.
   884 | D        | Found a corrupted altar of Lugonu.
   884 | D        | Found a viscous altar of Jiyva.
   895 | D        | Reached ** piety under Trog
  1018 | D        | Noticed Josephine
  1041 | D        | Killed Josephine
  1041 | D        | Reached skill level 13 in Dodging
  1041 | D        | Reached XP level 9. HP: 36/80 MP: 9/9
  1570 | D        | Noticed a centaur warrior
  1585 | D        | Reached *** piety under Trog
  1585 | D        | Reached skill level 1 in Armour
  1590 | D        | Killed a centaur warrior
  1590 | D        | Reached skill level 14 in Dodging
  1839 | D        | Reached **** piety under Trog
  1843 | D        | Received a gift from Trog
  1889 | D        | Reached ***** piety under Trog
  1889 | D        | Received a gift from Trog
  1948 | D        | Reached XP level 10. HP: 64/90 MP: 10/10
  1954 | D        | Noticed an orc high priest
  1966 | D        | Noticed an orc sorcerer
  1976 | D        | Noticed a sixfirhy
  1978 | D        | Noticed an orc high priest
  1983 | D        | Killed an orc high priest
  1983 | D        | Received a gift from Trog
  1983 | D        | Reached skill level 15 in Dodging
  1986 | D        | Killed an orc sorcerer
  1986 | D        | Reached skill level 5 in Armour
  1992 | D        | Killed an orc high priest
  1992 | D        | Reached skill level 16 in Dodging
  2337 | D        | Found Quthry's Distillery.
  2350 | D        | Bought 2 potions of mutation for 160 gold pieces
  2350 | D        | Bought a potion of mutation for 80 gold pieces
  2350 | D        | Bought a potion of haste for 100 gold pieces
  2350 | D        | Bought a potion of curing for 30 gold pieces
  2350 | D        | Bought a potion of agility for 40 gold pieces
  2350 | D        | Bought a potion of heal wounds for 50 gold pieces
  2350 | D        | Bought a potion of heal wounds for 50 gold pieces
  2350 | D        | Bought a potion of curing for 30 gold pieces
  2350 | D        | Lost mutation: Your mind is acute. (Int +2) [potion of
                  | mutation]
  2350 | D        | Lost mutation: Your spells are a little easier to cast, but
                  | a little less powerful. [potion of mutation]
  2350 | D        | Gained mutation: Your natural rate of healing is unusually
                  | fast. [potion of mutation]
  2350 | D        | Gained mutation: Your muscles are strong. (Str +2) [potion
                  | of mutation]
  2452 | D        | Killed an unseen horror
  2452 | D        | Reached ****** piety under Trog
  2657 | D        | Received a gift from Trog
  2667 | D        | Noticed a spiny frog
  2667 | D        | Noticed a spiny frog
  2678 | D        | Killed a spiny frog
  2678 | D        | Received a gift from Trog
  2683 | D        | Killed a spiny frog
  2683 | D        | Reached skill level 17 in Dodging
  2683 | D        | Reached XP level 11. HP: 80/100 MP: 11/11
  2705 | D        | Received a gift from Trog
  2705 | D        | Reached skill level 5 in Throwing
  2844 | D        | Received a gift from Trog
  2848 | D        | Reached skill level 15 in Fighting
  2862 | D        | Noticed Rupert
  2906 | D        | Killed Rupert
  2906 | D        | Reached skill level 18 in Dodging
  2964 | D        | Noticed a dire elephant
  2964 | D        | Noticed a dire elephant
  2964 | D        | Noticed Gastronok
  2971 | D        | Received a gift from Trog
  2977 | D        | Killed a dire elephant
  2981 | D        | Killed a dire elephant
  3008 | D        | Killed Gastronok
  3008 | D        | Reached XP level 12. HP: 110/110 MP: 4/12
  3039 | D        | Noticed an azure jelly
  3039 | D        | Noticed an azure jelly
  3039 | D        | Noticed an azure jelly
  3040 | D        | Noticed an azure jelly
  3054 | D        | Noticed a death yak
  3054 | D        | Noticed a death yak
  3054 | D        | Noticed a death yak
  3059 | D        | Noticed a death yak
  3060 | D        | Killed a death yak
  3060 | D        | Received a gift from Trog
  3063 | D        | Killed a death yak
  3067 | D        | Killed a death yak
  3067 | D        | Reached skill level 19 in Dodging
  3069 | D        | Killed a death yak
  3077 | D        | Received a gift from Trog
  3091 | D        | Received a gift from Trog
  3119 | D        | Noticed Polyphemus
  3136 | D        | Killed Polyphemus
  3136 | D        | Reached skill level 10 in Throwing
  3183 | D        | Noticed Ilsuiw
  3200 | D        | Killed Ilsuiw
  3200 | D        | Received a gift from Trog
  3200 | D        | Received a gift from Trog
  3200 | D        | Reached skill level 10 in Armour
  3258 | D        | Got a barnacled rune of Zot
  3262 | D        | Found Abus's Magic Scroll Emporium.
  3262 | D        | Found Currok's Antique Weapon Boutique.
  3262 | D        | Found Nihocri's Gadget Shoppe.
  3262 | D        | Noticed a merfolk javelineer
  3269 | D        | Killed a merfolk javelineer
  3292 | D        | Bought a scroll of enchant armour for 82 gold pieces
  3292 | D        | Bought a scroll of enchant armour for 82 gold pieces
  3292 | D        | Bought a scroll of identify for 22 gold pieces
  3306 | D        | Reached skill level 20 in Dodging
  3400 | D        | Received a gift from Trog
  3479 | D        | Received a gift from Trog
  3508 | D        | Noticed Urug
  3519 | D        | Killed Urug
  3519 | D        | Received a gift from Trog
  3555 | D        | Noticed a seven-headed hydra
  3555 | D        | Noticed an eight-headed hydra
  3560 | D        | Killed an eight-headed hydra
  3573 | D        | Killed a seven-headed hydra
  3591 | D        | Found a blossoming altar of Fedhas.
  3598 | D        | Received a gift from Trog
  3604 | D        | Reached XP level 13. HP: 120/120 MP: 4/13
  3770 | D        | Noticed Harold
  3770 | D        | Noticed Joseph
  3774 | D        | Killed Harold
  3777 | D        | Killed Joseph
  3822 | D        | Received a gift from Trog
  4054 | D        | Received a gift from Trog
  4057 | D        | Reached skill level 21 in Dodging
  4228 | D        | Got an ebony halberd
  4229 | D        | Identified the +3 halberd of the Battered Wars {venom, rN+
                  | Str+3 Int-2} (You found it in the Dungeon)
  4314 | D        | Received a gift from Trog
  4386 | D        | Noticed a fire dragon
  4394 | D        | Killed a fire dragon
  4499 | D        | Noticed a yaktaur captain
  4519 | D        | Received a gift from Trog
  4541 | D        | Killed a yaktaur captain
  4645 | D        | Received a gift from Trog
  4650 | D        | Noticed Chuck
  4714 | D        | Killed Chuck
  4714 | D        | Reached skill level 22 in Dodging
  4731 | D        | Noticed Frederick
  4749 | D        | Killed Frederick
  4749 | D        | Received a gift from Trog
  4970 | D        | Found Ynibey's Jewellery Emporium.
  4970 | D        | Found Laekhlugg's Food Shop.
  4970 | D        | Found Vealax's Antique Armour Boutique.
  4970 | D        | Found Misk's Antique Weapon Shoppe.
  4970 | D        | Found Qefusk's Distillery.
  4970 | D        | Found Vexoip's Food Emporium.
  4970 | D        | Found Fyethruw's Antique Weapon Shoppe.
  4970 | D        | Found Umax's Distillery.
  4970 | D        | Found Extal's Book Shop.
  4970 | D        | Found Iphoskem's Gadget Emporium.
  4970 | D        | Found Happ's Magic Scroll Emporium.
  4970 | D        | Found Ulantan's General Store.
  5006 | D        | Bought a +4 ring of protection for 468 gold pieces
  5006 | D        | Bought an uncursed ring of flight for 227 gold pieces
  5008 | D        | Bought a twisted glaive for 356 gold pieces
  5013 | D        | Bought a runed scarf for 168 gold pieces
  5013 | D        | Bought a pair of runed boots for 157 gold pieces
  5028 | D        | Identified a +0 pair of boots of running (You bought it in
                  | a shop in the Dungeon)
  5029 | D        | Identified the +8 glaive "Hylowi Biyv" {chop, rF+} (You
                  | bought it in a shop in the Dungeon)
  5036 | D        | Bought a scroll of enchant armour for 97 gold pieces
  5036 | D        | Bought a scroll of enchant armour for 97 gold pieces
  5036 | D        | Bought a scroll of remove curse for 39 gold pieces
  5036 | D        | Bought a scroll of identify for 26 gold pieces
  5036 | D        | Bought a scroll of enchant weapon for 97 gold pieces
  5039 | D        | Bought 2 potions of heal wounds for 130 gold pieces
  5039 | D        | Bought a potion of curing for 39 gold pieces
  5039 | D        | Bought a potion of heal wounds for 65 gold pieces
  5061 | D        | Received a gift from Trog
  5072 | D        | Received a gift from Trog
  5082 | D        | Reached XP level 14. HP: 119/131 MP: 14/14
  5085 | D        | Received a gift from Trog
  5449 | D        | Found Riacut's Antique Weapon Emporium.
  5449 | D        | Found Jonnoq's Food Shop.
  5459 | D        | Found Kubithoy's Jewellery Shoppe.
  5722 | D        | Received a gift from Trog
  5736 | D        | Received a gift from Trog
  5745 | D        | Noticed a bone dragon
  5760 | D        | Killed a bone dragon
  5760 | D        | Reached skill level 15 in Throwing
  5760 | D        | Reached skill level 23 in Dodging
  5834 | D        | Received a gift from Trog
  5868 | D        | Received a gift from Trog
  5875 | D        | Noticed a vampire knight
  5881 | D        | Paralysed by a vampire knight for 6 turns
  5889 | D        | Killed a vampire knight
  6020 | D        | Noticed a bone dragon
  6032 | D        | Killed a bone dragon
  6100 | D        | Noticed a vampire knight
  6111 | D        | Killed a vampire knight
  6205 | D        | Noticed a vampire knight
  6213 | D        | Killed a vampire knight
  6213 | D        | Received a gift from Trog
  6304 | D        | Noticed a sphinx
  6304 | D        | Noticed a sphinx
  6312 | D        | Killed a sphinx
  6312 | D        | Received a gift from Trog
  6312 | D        | Received a gift from Trog
  6312 | D        | Reached skill level 24 in Dodging
  6316 | D        | Killed a sphinx
  6540 | D        | Killed an azure jelly
  6542 | D        | Killed an azure jelly
  6545 | D        | Killed an azure jelly
  6546 | D        | Killed an azure jelly
  6546 | D        | Received a gift from Trog
  6642 | D        | Noticed an azure jelly
  6650 | D        | Killed an azure jelly
  6890 | D        | Noticed Mara
  6892 | D        | Noticed a vampire knight
  6894 | D        | Noticed a vampire knight
  6897 | D        | Noticed diana's illusion
  6923 | D        | Paralysed by something for 3 turns
  6924 | D        | Mangled by a vampire knight

Skill      XL: |  1  2  3  4  5  6  7  8  9 10 11 12 13 14 |
---------------+-------------------------------------------+-----
Polearms       | 7 9 10 15 16 19 20 | 20.0
Fighting       | 3 4 5 8 9 11 12 14 16 17 19 21 | 21.4
Dodging        | 5 6 7 10 11 13 14 17 18 20 22 24 | 24.7
Armour         | 4 7 9 10 12 14 | 14.4
Throwing       | 4 8 11 14 16 | 16.1

Action                   |  1- 3 |  4- 6 |  7- 9 | 10-12 | 13-15 || total
-------------------------+-------+-------+-------+-------+-------++-------
Melee: Trident           |    46 |    28 |   184 |   119 |       ||   377
       Tailslap          |     1 |       |    14 |    24 |       ||    39
       Glaive            |       |       |       |    56 |   168 ||   224
       Halberd           |       |       |       |    98 |   110 ||   208
       Bardiche          |       |       |       |       |    38 ||    38
 Fire: Blowgun           |       |       |       |       |     5 ||     5
Throw: Throwing net      |       |       |     1 |       |       ||     1
       Javelin           |       |       |       |    13 |    48 ||    61
Invok: Berserk           |       |       |       |     4 |     4 ||     8
       Brothers in Arms  |       |       |       |     5 |    12 ||    17
  Use: Potion            |     1 |     4 |       |     2 |     3 ||    10
       Scroll            |       |       |       |     3 |     4 ||     7
 Stab: Sleeping          |       |     1 |     1 |     1 |       ||     3
       Held in net/web   |       |       |     1 |       |       ||     1
       Distracted        |       |       |     1 |     2 |       ||     3
  Eat: Ration            |       |       |     1 |     1 |     3 ||     5
       Chunk             |       |       |       |     6 |    10 ||    16
Armor: Leather armour    |     3 |     2 |     8 |    13 |     7 ||    33
       Plate armour      |       |       |       |     4 |       ||     4
       Ring mail         |       |       |       |       |    53 ||    53
Dodge: Dodged            |    19 |    11 |    37 |   139 |   218 ||   424
